 Dungeon Crawl Stone Soup version 0.31-a0-1424-g2add1c7226 (webtiles) character file.

Game seed: 13066974991546403370

35 Sonofthefire the Ruffian (level 3, -2/43 HPs)
             Began as a Draconian Shapeshifter on Dec 26, 2023.
             Slain by a gnoll
             ... wielding a +0 club
              (5 damage)
             ... on level 4 of the Dungeon.
             The game lasted 00:01:32 (666 turns).

Sonofthefire the Ruffian (Draconian Shapeshifter)    Turns: 666, Time: 00:01:32

Health: -2/43      AC: 21    Str: 18    XL:     3   Next: 17%
Magic:  3/3        EV: -1    Int: 10    God:
Gold:   71         SH:  0    Dex: 10    Spells: 2/2 levels left

rFire   . .          .
                       - Unarmed
rCold   . . .        (no shield)
rNeg    . . .        (body armour unavailable)
rPois   +            (helmet currently unavailable)
rElec   .            (cloak currently unavailable)
rCorr   .            (gloves currently unavailable)
SInv    .            (boots currently unavailable)
Will    .....        (no amulet)
Stlth   +            (no ring)
HPRegen 0.27/turn    (no ring)
MPRegen 0.08/turn

%: no passive effects
@: tree-form, constricted
A: stationary, stasis, torment immunity, boosted hp, AC +5, unfitting armour,
(cold-blooded)
a: no special abilities


You were on level 4 of the Dungeon.
You were a tree.
You visited 1 branch of the dungeon, and saw 4 of its levels.

You collected 71 gold pieces.

Inventory:

Talismans
 b - a beast talisman
 c - a flux talisman
Scrolls
 d - a scroll of identify {unknown}
 e - a scroll of enchant armour {unknown}
 f - a scroll of brand weapon {unknown}


   Skills:
 + Level 2.0 Fighting
 - Level 1.7 Dodging
 + Level 3.5 Unarmed Combat
 + Level 3.4 Shapeshifting


You had 2 spell levels left.
You didn't know any spells.
Your spell library was empty.

Dungeon Overview and Level Annotations

Branches:
Dungeon (4/15)
 Temple: D:4-7

Altars:

Shops:
D:2 ?


Innate Abilities, Weirdness & Mutations

You are a tree.
Your roots penetrate the ground, keeping you stationary.
You cannot be teleported.
You are immune to unholy pain and torment.
Your maximum health is greatly increased.
Your equipment is partially melded.
((Your plain brown scales are hard. (AC +5)))
You cannot fit into any form of body armour.
((You are cold-blooded and may be slowed by cold attacks.))


Message History

You escape the ball python's grasp.
The gnoll hits you with a +0 club! The quokka bites you.
The gnoll hits you from afar with a +0 spear.
The ball python barely misses you. The ball python grabs you.
You stop descending the stairs.
The ball python constricts you.
You escape the ball python's grasp.
The gnoll hits you but does no damage. The quokka bites you.
The gnoll completely misses you.
You climb downwards.
Found 4 stones.
There is a stone staircase leading up here.
You hit the gnoll.
The gnoll is lightly wounded.
The ball python barely misses you. The ball python misses you.
The gnoll hits you with a +0 club. The quokka barely misses you.
You closely miss the quokka. The ball python bites you.
* * * LOW HITPOINT WARNING * * *
The ball python grabs you. The ball python constricts you.
* * * LOW HITPOINT WARNING * * *
The gnoll barely misses you.
The quokka bites you but does no damage.
The ball python barely misses you. The ball python constricts you.
* * * LOW HITPOINT WARNING * * *
You barely miss the gnoll.
The gnoll is lightly wounded.
The quokka bites you but does no damage.
The gnoll hits you but does no damage.
The ball python bites you but does no damage.
The ball python constricts you.
You hit the gnoll.
Your tail-slap misses the gnoll.
The gnoll is moderately wounded.
The quokka barely misses you. The gnoll barely misses you.
The ball python bites you but does no damage.
The ball python constricts you.
* * * LOW HITPOINT WARNING * * *
The quokka bites you.
* * * LOW HITPOINT WARNING * * *
Your transformation has ended.
You turn into a tree.
Your roots penetrate the ground.
The gnoll hits you with a +0 club.
You die...

....
#..#
#..#
#..###
#....
...
##.#
#g♣#
#rS#
####


You could see a gnoll, a quokka and a ball python.

Vanquished Creatures
  A worm (D:3)
  A dart slug (D:1)
  3 bats (D:1)
  2 endoplasms
  2 giant cockroaches (D:1)
  2 goblins (D:1)
  3 hobgoblins
  3 kobolds (D:1)
  4 quokkas (D:1)
  A ball python (D:2)
  2 frilled lizards (D:1)
  4 rats (D:1)
28 creatures vanquished.

Vanquished Creatures (others)
  A frilled lizard (D:1)
1 creature vanquished.

Grand Total: 29 creatures vanquished

Notes
Turn   | Place    | Note
-------+----------+-------------------------------------------
     0 | D:1      | Sonofthefire the Draconian Shapeshifter began the quest for
                  | the Orb.
     0 | D:1      | Reached XP level 1. HP: 16/16 MP: 1/1
   131 | D:1      | Reached XP level 2. HP: 13/23 MP: 2/2
   499 | D:1      | Reached XP level 3. HP: 29/29 MP: 3/3
   563 | D:2      | Found Jeoc Yru's Magic Scroll Boutique.
   666 | D:4      | Slain by a gnoll

Illustrated notes

Levels and vault maps discovered:
D:1:      dpeg_arrival_rooms_b, layout_loops_ring
D:2:      layout_basic, serial_shops, nicolae_shop_tiny_glass, minmay_unequal
D:3:      layout_loops_ring
D:4:      layout_loops_ring, lemuel_temple_firewalk_b, uniq_pikel

Skill      XL: |  1  2  3 |
---------------+----------+-----
Fighting       | 2 |  2.0
Dodging        | |  1.7
Unarmed Combat | |  3.5
Shapeshifting  | |  3.4

Action                     || total
---------------------------++-------
  Melee: Unarmed           ||    89
         Tailslap          ||     3
         Punch             ||     1
    Use: Potion            ||     1
 Armour: Skin              ||    78
  Dodge: Dodged            ||    73

Table legend: (Time is in decaauts)
 A = Elapsed time spent in this place.
 B = Non-inter-level travel time spent in this place.
 C = Inter-level travel time spent in this place.
 D = Time resting spent in this place.
 E = Time spent auto-exploring this place.
 F = Levels seen in this place.
 G = Mean time per level.
                   A        B        C        D        E       F      G
               +--------+--------+--------+--------+--------+-----+--------+
         Total |    659 |    654 |      5 |    135 |    295 |   4 |  164.8 |
       Dungeon |    659 |    654 |      5 |    135 |    295 |   4 |  164.8 |
               +--------+--------+--------+--------+--------+-----+--------+

Top non-repeatable levels by time:
     D:1: 499 daAuts
     D:3: 91 daAuts
     D:2: 64 daAuts
     D:4: 4 daAuts
